 Dungeon Crawl Stone Soup version 0.28-a0-1190-g77e1c55843 (webtiles) character file.

Game seed: 4452121383618129434

87 ChaosChampion the Magician (level 4, -1/24 HPs)
             Began as a Deep Elf Conjurer on Dec 18, 2021.
             Killed from afar by an orc wizard (6 damage)
             ... with a magic dart
             ... on level 3 of the Dungeon.
             The game lasted 00:01:18 (2218 turns).

ChaosChampion the Magician (Deep Elf Conjurer)      Turns: 2218, Time: 00:01:19

Health: -1/24      AC:  2    Str:  4    XL:     4   Next: 28%
Magic:  12/13      EV: 12    Int: 25    God:
Gold:   61         SH:  0    Dex: 13    Spells: 10/13 levels left

rFire   . . .      SeeInvis .   (no weapon)
rCold   . . .      Faith    .   (no shield)
rNeg    . . .      Spirit   .   a - +0 robe
rPois   .          Reflect  .   (no helmet)
rElec   .          Harm     .   (no cloak)
rCorr   .          Rampage  .   (no gloves)
Will    .....                   (no boots)
Stlth   ++........              (no amulet)
HPRegen 0.08/turn               (no ring)
MPRegen 0.13/turn               (no ring)

@: no status effects
A: no striking features
a: no special abilities


You were on level 3 of the Dungeon.
You visited 1 branch of the dungeon, and saw 3 of its levels.

You collected 61 gold pieces.

Inventory:

Armour
 a - a +0 robe (worn)
Scrolls
 d - a scroll of magic mapping {unknown}
 e - a scroll of blinking {unknown}
 f - a scroll of enchant armour {unknown}
 i - a scroll of enchant weapon {unknown}
Potions
 b - a potion of mutation {unknown}
 c - a potion of might {unknown}
 g - a potion of lignification {unknown}
 h - 2 potions of haste {unknown}


   Skills:
 - Level 2.4 Dodging
 - Level 2.4 Stealth
 * Level 5.4 Spellcasting
 + Level 5.1 Conjurations


You had 10 spell levels left.
You knew the following spells:

 Your Spells              Type           Power      Damage    Failure   Level
a - Magic Dart            Conj           100%       1d8       1%          1
b - Searing Ray           Conj           64%        2d6       1%          2

Your spell library contained the following spells:

 Spells                   Type           Power      Damage    Failure   Level
 Dazzling Flash           Conj/Hex       38%        N/A       9%          3
 Fulminant Prism          Conj/Hex       9%         3d7       26%         4
 Iskenderun's Mystic Bla  Conj/Tloc      19%        2d6       26%         4


Dungeon Overview and Level Annotations

Branches:
Dungeon (3/15)

Altars:

Annotations:
D:3 1 runed translucent door, ChaosChampion's ghost, amateur OpTm


Message History

You're too confused to move!
You feel less confused. The frilled lizard barely misses you.
The frilled lizard closely misses you.
The orc wizard gestures wildly while chanting.
The orc wizard flickers and vanishes!
Deactivating autopickup; reactivate with Ctrl-A.
A kobold comes into view.
It is wielding a +0 dagger and quivering poisoned darts.
The giant cockroach barely misses you.
Casting: Magic Dart (safe; 1% risk of failure)
Confirm with . or Enter, or press ? or * to list all spells.
Aiming: Searing Ray (safe; 1% risk of failure)
Press: ? - help, Shift-Dir - straight line, f - giant cockroach
Aim: a giant cockroach (81% to hit)
The searing ray hits the giant cockroach.
The giant cockroach is severely wounded. (Press . to maintain the ray.)
The kobold shouts!
The frilled lizard bites you. The giant cockroach barely misses you.
The kobold throws a poisoned dart.
The poisoned dart hits you!
You are poisoned.
The searing ray hits the giant cockroach!
You kill the giant cockroach!
You feel very sick.
The frilled lizard bites you but does no damage.
Something hits you but does no damage.
You feel sick.
You feel sick.
You feel sick.
You feel sick.
You feel sick.
You feel sick.
You feel sick.
You are no longer poisoned.
Something hits you.
* * * LOW HITPOINT WARNING * * *
The kobold throws a poisoned dart.
A magic dart appears from out of thin air!
The magic dart hits you.
You die...

####......##.##..# ###....)...
#................######.......#..
..##......##.###..##....#.....#..
..##......##.# ##.##......######.
####......##.# #..#.....########
#....#####.# ##.#......†....#
#....# #.# #.###.#...)...#
#....#####.#####.l...........#
#.............@.{##.†#.......#
#.......##############.......#
#....#### ######### #....# #....#
#....# ######


You could see a frilled lizard.

Vanquished Creatures
  4 adders
  3 dart slugs
  An orc (D:2)
  5 ball pythons
  5 endoplasms
  2 giant cockroaches
  6 goblins
  3 hobgoblins
  4 jackals (D:2)
  2 quokkas (D:2)
  A bat (D:2)
  A frilled lizard (D:2)
  4 kobolds
  A rat (D:2)
42 creatures vanquished.

Notes
Turn   | Place    | Note
-------+----------+-------------------------------------------
     0 | D:1      | ChaosChampion the Deep Elf Conjurer began the quest for the
                  | Orb.
     0 | D:1      | Reached XP level 1. HP: 10/10 MP: 6/6
   320 | D:1      | Reached XP level 2. HP: 12/15 MP: 3/8
   538 | D:1      | Learned a level 2 spell: Searing Ray
  1259 | D:2      | Reached XP level 3. HP: 19/19 MP: 6/10
  1606 | D:2      | Found a faded altar of an unknown god.
  1647 | D:2      | Reached skill level 5 in Spellcasting
  1647 | D:2      | Reached skill level 5 in Conjurations
  1904 | D:2      | Reached XP level 4. HP: 24/24 MP: 8/13
  1946 | D:3      | Found a runed translucent door.
  1946 | D:3      | Noticed ChaosChampion's ghost (amateur OpTm)
  2218 | D:3      | Killed from afar by an orc wizard

Illustrated notes

Levels and vault maps discovered:
D:1:      minmay_arrival_hallway, layout_loops_corners, serial_glass,
          glass_columns_c, glass_columns_b
D:2:      layout_basic, ebering_ecumenical_altar_rust
D:3:      layout_rooms, gammafunk_ghost_grave

Skill      XL: |  1  2  3 |
---------------+----------+-----
Spellcasting   | 4 5 |  5.4
Conjurations   | 5 |  5.1
Dodging        | |  2.4
Stealth        | |  2.4

Action                   |  1- 3 |  4- 6 || total
-------------------------+-------+-------++-------
 Cast: Magic Dart        |    60 |    15 ||    75
       Searing Ray       |     3 |     2 ||     5
Armor: Robe              |       |     3 ||     3
Dodge: Dodged            |     3 |     4 ||     7

Table legend: (Time is in decaauts)
 A = Elapsed time spent in this place.
 B = Non-inter-level travel time spent in this place.
 C = Inter-level travel time spent in this place.
 D = Time resting spent in this place.
 E = Time spent auto-exploring this place.
 F = Levels seen in this place.
 G = Mean time per level.
                   A        B        C        D        E       F      G
               +--------+--------+--------+--------+--------+-----+--------+
         Total |   2218 |   2178 |     40 |    254 |   1697 |   3 |  739.3 |
       Dungeon |   2218 |   2178 |     40 |    254 |   1697 |   3 |  739.3 |
               +--------+--------+--------+--------+--------+-----+--------+

Top non-repeatable levels by time:
     D:2: 1064 daAuts
     D:1: 875 daAuts
     D:3: 279 daAuts
